 Dungeon Crawl Stone Soup version 0.20.1-1-g8b1a95d (webtiles) character file.

114 Peloso the Shield-Bearer (level 4, -1/41 HPs)
             Began as a Minotaur Fighter on July 10, 2017.
             Killed from afar by Ijyb (5 damage)
             ... with a wand of flame (?/48)
             ... on level 3 of the Dungeon.
             The game lasted 00:02:47 (1295 turns).

Peloso the Shield-Bearer (Minotaur Fighter)         Turns: 1295, Time: 00:02:47

Health: -1/41      AC: 11    Str: 21    XL:     4   Next: 67%
Magic:  3/3        EV:  9    Int:  5    God:
Gold:   140        SH: 10    Dex: 15    Spells: 3/3 levels left

rFire    . . .     SeeInvis .   a - +0 long sword
rCold    . . .     Gourm    .   c - +0 shield
rNeg     . . .     Faith    .   p - +0 plate armour
rPois    .         Spirit   .   (helmet restricted)
rElec    .         Reflect  .   (no cloak)
rCorr    .         Harm     .   (no gloves)
MR       .....                  (no boots)
Stlth    ..........             (no amulet)
Regen    0.2/turn               h - ring of loudness (curse)
MPRegen  0.1/turn               (no ring)

@: agile, lethally poisoned (-1 -> -36)
A: retaliatory headbutt, horns 2
a: no special abilities


You were on level 3 of the Dungeon.
You were hungry.

You visited 1 branch of the dungeon, and saw 3 of its levels.

You collected 140 gold pieces.

Inventory:

Hand Weapons
 a - a +0 long sword (weapon)
Armour
 b - a +0 scale mail
 c - a +0 shield (worn)
 p - a +0 plate armour (worn)
Jewellery
 h - a cursed ring of loudness (left hand)
Wands
 l - a wand of flame (13/48)
Scrolls
 e - 2 scrolls of remove curse {unknown}
 k - a scroll of identify {unknown}
 t - a scroll of enchant weapon {unknown}
 w - 3 scrolls of teleportation {unknown}
 x - a scroll of magic mapping {unknown}
Potions
 d - a potion of might
 g - a potion of lignification {unknown}
 i - a potion of curing {unknown}
 m - a potion of agility
 n - 2 potions of degeneration {unknown}
 q - a potion of magic {unknown}
 r - a potion of flight {unknown}
 u - a potion of brilliance {unknown}
 v - a potion of ambrosia {unknown}
Comestibles
 f - 3 bread rations
 j - 3 fruits
 o - 2 chunks of flesh
 s - a royal jelly


   Skills:
 + Level 4.4 Fighting
 + Level 3.4 Long Blades
 + Level 4.3 Armour
 + Level 0.7 Dodging
 + Level 4.8 Shields


You had 3 spell levels left.
You didn't know any spells.

Dungeon Overview and Level Annotations

Branches:
Dungeon (3/15)

Altars:
Ashenzari
Makhleb

Annotations:
D:3 Ijyb


Innate Abilities, Weirdness & Mutations

You reflexively headbutt those who attack you in melee.
You have a pair of horns on your head.


Message History

Ijyb hits you but does no damage.
You are more poisoned.
You block Ijyb's attack.
Your plate armour prevents you from hitting Ijyb.
* * * LOW HITPOINT WARNING * * *
You feel very sick. Ijyb hits you but does no damage.
You are more poisoned.
You are feeling hungry.
You closely miss Ijyb. You headbutt Ijyb.
Ijyb is lightly wounded.
* * * LOW HITPOINT WARNING * * *
You feel very sick. You block Ijyb's attack.
It was a potion of agility.
You feel agile all of a sudden.
* * * LOW HITPOINT WARNING * * *
You feel very sick.
Ijyb zaps a wand.
The puff of flame hits you!
You die...

#. #. #. .< #. #.# #.
.....#.######
......g@.)..##########
#.##....###.##.......#
#..... #.##.#####.#
#....###>##.# #.#
#.#.## #.##.### #.#
#.#. #......# #.# # ##
# #. ####.#.###.# . ..
#+ #.#...#.# # .#
#.#...#.#


You could see Ijyb.

Vanquished Creatures
  A hound (D:2)
  4 adders
  A worm (D:2)
  A dart slug (D:1)
  A ball python (D:1)
  7 bats
  A giant cockroach (D:2)
  6 goblins
  4 hobgoblins (D:2)
  2 jackals (D:3)
  3 frilled lizards
  5 kobolds
  9 rats
45 creatures vanquished.

Notes
Turn   | Place    | Note
-------+----------+-------------------------------------------
     0 | D:1      | Peloso the Minotaur Fighter began the quest for the Orb.
     0 | D:1      | Reached XP level 1. HP: 19/19 MP: 0/0
   128 | D:1      | Reached XP level 2. HP: 12/27 MP: 1/1
   640 | D:2      | Reached XP level 3. HP: 29/33 MP: 2/2
   650 | D:2      | Found a burning altar of Makhleb.
   665 | D:2      | Reached XP level 4. HP: 22/41 MP: 3/3
   751 | D:2      | Found a shattered altar of Ashenzari.
   952 | D:2      | Found a faded altar of an unknown god.
  1278 | D:3      | Noticed Ijyb
  1295 | D:3      | Killed from afar by Ijyb

Skill      XL: |  1  2  3 |
---------------+----------+-----
Fighting       | 4 |  4.4
Shields        | 4 |  4.8
Long Blades    | 3 |  3.4
Armour         | 4 |  4.3
Dodging        | |  0.7

Action                   |  1- 3 |  4- 6 || total
-------------------------+-------+-------++-------
Melee: Long sword        |    66 |    59 ||   125
       Headbutt          |    10 |     7 ||    17
  Use: Potion            |       |     1 ||     1
  Eat: Chunk             |       |     1 ||     1
Armor: Scale mail        |    26 |     2 ||    28
       Plate armour      |       |    47 ||    47
Dodge: Dodged            |    17 |    10 ||    27
Block: Shield            |    33 |    38 ||    71
       Rpst.: Long sword |     6 |     2 ||     8
